 Dungeon Crawl Stone Soup version 0.31-a0-198-g2ad674f65e (webtiles) character file.

Game seed: 10073125836419828714

10 qw the Shooter (level 2, 0/16 HPs)
             Began as a Deep Elf Hunter on June 25, 2023.
             Slain by a kobold
             ... wielding a +0 club
              (2 damage)
             ... on level 1 of the Dungeon.
             The game lasted 00:00:04 (137 turns).

qw the Shooter (Deep Elf Hunter)                     Turns: 137, Time: 00:00:05

Health: 0/16       AC:  3    Str:  8    XL:     2   Next: 10%
Magic:  4/4        EV:  9    Int: 13    God:
Gold:   19         SH:  0    Dex: 18    Spells: 1/1 levels left

rFire   . . .        a - +0 shortbow
rCold   . . .        (shield currently unavailable)
rNeg    . . .        c - +0 leather armour
rPois   .            (no helmet)
rElec   .            (no cloak)
rCorr   .            (no gloves)
SInv    .            (no boots)
Will    .....        (no amulet)
Stlth   ++           (no ring)
HPRegen 0.22/turn    (no ring)
MPRegen 0.09/turn

%: no passive effects
@: constricted
A: no striking features
a: no special abilities


You were on level 1 of the Dungeon.
You visited 1 branch of the dungeon, and saw 1 of its levels.

You collected 19 gold pieces.


   Skills:
 - Level 1.5 Fighting
 + Level 6.0 Ranged Weapons
 - Level 2.4 Dodging
 - Level 1.2 Stealth


You had one spell level left.
You didn't know any spells.
Your spell library was empty.

Inventory:

Hand Weapons
 a - a +0 shortbow (weapon)
Armour
 c - a +0 leather armour (worn)
Scrolls
 b - a scroll of butterflies
 e - a scroll of immolation {unknown}
 h - a scroll of teleportation {unknown}
Potions
 d - a potion of might {unknown}
 f - a potion of cancellation {unknown}
 g - 2 potions of brilliance {unknown}

Dungeon Overview and Level Annotations

Branches:
Dungeon (1/15)

Altars:


Message History

g - 2 clear potions
h - a scroll labelled AWIGI VAPA A hobgoblin, 2 ball pythons and a kobold come into view.
The hobgoblin shouts!
The kobold shouts!
You hear a shout!
The ball python hisses angrily.
A goblin comes into view. It is wielding a +0 club.
Enter note: You shoot an arrow.
The arrow hits the hobgoblin!
You kill the hobgoblin!
The ball python misses you. The ball python closely misses you.
Your Ranged Weapons skill increases to level 6!
You shoot an arrow.
The arrow closely misses the ball python.
The ball python closely misses you. The ball python barely misses you.
The ball python closely misses you. The ball python grabs you.
The ball python constricts you. The kobold hits you with a +0 club.
The ball python closely misses you.
You shoot an arrow. The arrow hits the ball python.
You kill the ball python!
The ball python bites you. The ball python grabs you.
The ball python constricts you. The kobold barely misses you.
You shoot an arrow.
The arrow closely misses the ball python.
The ball python bites you but does no damage.
The ball python constricts you. The kobold hits you with a +0 club.
You shoot an arrow.
The arrow closely misses the ball python.
The ball python misses you. The ball python constricts you.
The kobold barely misses you. The ball python barely misses you.
The ball python constricts you.
You shoot an arrow.
The arrow hits the ball python but does no damage.
The kobold barely misses you. The ball python bites you.
The ball python constricts you.
You shoot an arrow. The arrow hits the ball python.
The ball python is moderately wounded.
The goblin hits you but does no damage. The kobold misses you.
The ball python misses you. The ball python constricts you.
The goblin misses you. The kobold hits you with a +0 club.
You die...

########## #........#
#........# #........#
...#........#
......KgS...# #######
#@# #......
####.####### #......
+........... +....>.
#.##.##########......
# #......# #.+......
#.#....###.#......
#.#....%.#.##'##..
............##.##%#
##.............##.#


You could see a goblin, a ball python and a kobold.

Vanquished Creatures
  A giant cockroach (D:1)
  3 hobgoblins (D:1)
  A kobold (D:1)
  A quokka (D:1)
  A ball python (D:1)
  A bat (D:1)
  A rat (D:1)
9 creatures vanquished.

Notes
Turn   | Place    | Note
-------+----------+-------------------------------------------
     0 | D:1      | qw the Deep Elf Hunter began the quest for the Orb.
     0 | D:1      | Reached XP level 1. HP: 12/12 MP: 3/3
     0 | D:1      | 0 ||| qw: Version: 0.3-a-22-g0ed2b0b
     0 | D:1      | 0 ||| qw: Game counter: 5445
     0 | D:1      | 0 ||| qw: Melee chars always use a shield: true
     0 | D:1      | 0 ||| qw: God list: Okawaru
     0 | D:1      | 0 ||| qw: Allow faded altars: false
     0 | D:1      | 0 ||| qw: Do Orc after clearing Dungeon:15 true
     0 | D:1      | 0 ||| qw: Do second Lair branch before Depths: true
     0 | D:1      | 0 ||| qw: Lair rune preference: random
     0 | D:1      | 0 ||| qw: Goals: Normal
     0 | D:1      | 0 ||| PLANNING D:1-11
   118 | D:1      | Reached XP level 2. HP: 16/16 MP: 4/4
   132 | D:1      | Reached skill level 6 in Ranged Weapons
   136 | D:1      | HP: 3/16 [ball python (3)]
   137 | D:1      | Slain by a kobold

Levels and vault maps discovered:
D:1:      roderic_dead_forest, layout_basic

Skill      XL: |  1  2 |
---------------+-------+-----
Ranged Weapons | 6 |  6.0
Fighting       | |  1.5
Dodging        | |  2.4
Stealth        | |  1.2

Action                     || total
---------------------------++-------
   Fire: Shortbow          ||    24
 Armour: Leather armour    ||     7
  Dodge: Dodged            ||    18

Table legend:
 A = Non-vault XP
 B = Vault XP
 C = Vault XP percentage of total XP
 D = Non-vault monster count
 E = Vault monster count
 F = Vault count percentage of total count
                 A         B        C        D         E       F
            +---------+---------+-------+---------+---------+-------
      Total |      15 |       0 |   0.0 |       9 |       0 |   0.0
            +---------+---------+-------+---------+---------+-------
        D:1 |      15 |       0 |   0.0 |       9 |       0 |   0.0
            +---------+---------+-------+---------+---------+-------
